 Dungeon Crawl Stone Soup version 0.20-a0-1121-gbb42413 (webtiles) character file.

46 Hook the Skirmisher (level 3, -1/31 HPs)
             Began as a Draconian Warper on May 10, 2017.
             Slain by an orc
             ... wielding a +0 club
              (2 damage)
             ... on level 2 of the Dungeon.
             The game lasted 00:03:39 (2034 turns).

Hook the Skirmisher (Draconian Warper)              Turns: 2034, Time: 00:03:40

Health: -1/31      AC:  6    Str: 14    XL:     3   Next: 46%
Magic:  6/6        EV: 12    Int: 13    God:
Gold:   107        SH:  0    Dex: 10    Spells: 4/6 levels left

rFire    . . .     SeeInvis .   a - +0 spear
rCold    . . .     Gourm    .   (no shield)
rNeg     . . .     Faith    .   (armour unavailable)
rPois    .         Spirit   .   (helmet restricted)
rElec    .         Reflect  .   j - +0 cloak
rCorr    .         Harm     .   (no gloves)
MR       .....                  (no boots)
Stlth    +.........             (no amulet)
Regen    0.1/turn               (no ring)
MPRegen  0.1/turn               (no ring)

@: no status effects
A: unfitting armour, cold-blooded, AC +5
a: no special abilities


You were on level 2 of the Dungeon.
You were not hungry.

You visited 1 branch of the dungeon, and saw 3 of its levels.

You collected 107 gold pieces.

Inventory:

Hand Weapons
 a - a +0 spear (weapon)
Missiles
 d - 5 tomahawks of dispersal (quivered)
Armour
 j - a +0 cloak (worn)
Scrolls
 c - a scroll of blinking
 e - a scroll of teleportation {unknown}
 g - a scroll of identify {unknown}
 h - a scroll of immolation {unknown}
 k - a scroll of random uselessness {unknown}
Potions
 i - 2 potions of heal wounds {unknown}
Books
 b - a book of Spatial Translocations

   Spells                             Type                      Level
   a - Blink                          Translocation                2
   b - Shroud of Golubria             Charms/Translocation         2
   c - Lesser Beckoning               Translocation                3
   d - Gell's Gravitas                Translocation                3
   e - Teleport Other                 Translocation                3
   f - Passage of Golubria            Translocation                4
Comestibles
 f - 2 bread rations


   Skills:
 * Level 3.3 Fighting
 * Level 2.5 Polearms
 - Level 0.8 Throwing
 + Level 2.4 Dodging
 + Level 2.2 Spellcasting
 - Level 3.0 Translocations


You had 4 spell levels left.
You knew the following spells:

 Your Spells              Type           Power        Failure   Level  Hunger
a - Blink                 Tloc           N/A          11%         2    ###....


Dungeon Overview and Level Annotations

Branches:
Dungeon (3/15)

Altars:


Innate Abilities, Weirdness & Mutations

Your plain brown scales are hard. (AC +5)
You cannot fit into any form of body armour.
You are cold-blooded and may be slowed by cold attacks.


Message History

An adder comes into view.
The orc priest hits you with a short sword.
Attack whom?
Press: ? - help, Dir - move target cursor, f - orc, p - orc wizard
Aim: an orc, wielding a club You reach to attack!
You barely miss the orc.
The orc priest calls down the wrath of Beogh upon you.
Beogh smites you!
The orc wizard casts a cantrip, but nothing happens.
There is a stone staircase leading up here.
The orc priest calls down the wrath of Beogh upon you.
Beogh smites you!
* * * LOW HITPOINT WARNING * * *
The orc wizard looks satisfied for a moment.
You climb upwards.
There is a stone staircase leading down here.
You closely miss the orc. The orc hits you with a club.
* * * LOW HITPOINT WARNING * * *
You barely miss the orc. The orc hits you with a club.
You die...

##.#######.##.##.# #.# #.#
.....# #.##.##.# #.# #.#
##.#.# ###.##.##.## #.#
#.## ##.#.#
#..........####.#######...
...#.#
#.#.##........((.....)....
##.#.#
#.#.##.#...####.#########.
#....# #.#.##.##.## #.# #.
.....###.#.##.##.# #.# #.
.........#.##.##@#####.#
#.
.....#####.......o...>.#
#. ###### ####.##.#######
#. # #.##.# #.
#############.##.#### #.
....................## #.
...########...#####..## #.
##.# #.### ##..# ## #.#
#.# #..# #


You could see an orc.

Vanquished Creatures
  2 adders (D:2)
  A dart slug (D:1)
  A giant cockroach (D:1)
  3 goblins
  A hobgoblin (D:2)
  6 jackals
  3 kobolds
  4 bats
  3 frilled lizards
  2 rats
26 creatures vanquished.

Notes
Turn   | Place    | Note
-------+----------+-------------------------------------------
     0 | D:1      | Hook the Draconian Warper began the quest for the Orb.
     0 | D:1      | Reached XP level 1. HP: 17/17 MP: 3/3
   354 | D:1      | Reached XP level 2. HP: 10/25 MP: 5/5
  1175 | D:2      | Learned a level 2 spell: Blink
  1232 | D:2      | Reached XP level 3. HP: 21/31 MP: 6/6
  1564 | D:2      | Found a faded altar of an unknown god.
  2031 | D:3      | HP: 1/31 [orc priest/divine providence (13)]
  2034 | D:2      | Slain by an orc

Vault maps used:
D:1:      minmay_arrival_jagged, minmay_distorted
D:2:      chequers_ecumenical_altar_lobes
D:3:      cheibrodos_helix_gallery, gammafunk_temple_overflow_forgotten,
          first_bread

Skill      XL: |  1  2 |
---------------+-------+-----
Fighting       | 3 |  3.3
Polearms       | |  2.5
Throwing       | |  0.8
Dodging        | |  2.4
Spellcasting   | |  2.2
Translocations | |  3.0

Action                   || total
-------------------------++-------
Melee: Spear             ||   104
       Tailslap          ||    10
 Stab: Sleeping          ||     1
  Eat: Chunk             ||     1
       Bread ration      ||     1
Armor: Skin              ||    21
Dodge: Dodged            ||    55
